AoeStats
← Thousk_

Arabia

510406364Analyzed
3v3 RM · 2d ago on Sep 30, 2026· 28m 14s· 6 players
Game mode
Random Map
Map size
Normal (6 player)
Population
200
Speed
Normal
Resources
Standard
Victory
Conquest
Starting age
Dark Age
Ending age
Imperial Age
RankedLock teamsTeams togetherTeam positionsShared explorationLock speedFull tech treeHidden civsTurbo modeCheats
Victory
Defeat
🇵🇪 Celts · Peru
1176
+12
🇺🇾 Magyars · Uruguay
1087
+16
🇺🇸 Poles · United States
965
+21
🇨🇭 Mongols · Switzerland
1093
-17
🇨🇴 Goths · Colombia
1079
-16
🇪🇸 Bohemians · Spain
1064
-16
Thousk_
6:44 Loom
9:57 Feudal Age
10:29 Double-Bit Axe
22:21 Castle Age
22:26 Pikeman
23:43 Scale Mail Armor
24:35 Forging
JacobitoHigh
12:08 Feudal Age
14:27 Double-Bit Axe
14:33 Horse Collar
23:05 Castle Age
21:25 Padded Archer Armor
22:57 Loom
24:13 Pikeman
24:19 Elite Skirmisher
25:34 Bow Saw
25:32 Heavy Plow
27:46 Scale Mail Armor
27:57 Forging
Juerg Pinki
7:56 Loom
10:53 Feudal Age
11:42 Double-Bit Axe
11:50 Gold Mining
16:52 Fletching
26:48 Castle Age
25:19 Stone Mining
27:43 Thumb Ring
27:37 Bodkin Arrow
27:42 Padded Archer Armor
27:42 Pikeman
Saddam Gaming
11:03 Feudal Age
21:43 Castle Age
20:27 Double-Bit Axe
23:37 Forging
bandreol
6:25 Loom
9:02 Feudal Age
9:35 Double-Bit Axe
9:56 Horse Collar
19:24 Bloodlines
26:28 Castle Age
25:15 Gold Mining
25:55 Fletching
26:05 Padded Archer Armor
26:38 Light Cavalry
27:23 Bodkin Arrow
28:25 Husbandry
El Botascha 2.0
2:36 Loom
11:26 Feudal Age
11:55 Double-Bit Axe
11:53 Horse Collar
16:30 Scale Barding Armor
22:38 Castle Age
21:51 Forging
23:30 Husbandry
24:34 Heavy Plow
24:59 Chain Barding Armor
25:09 Bow Saw
26:03 Wheelbarrow
28:37 Iron Casting
28:59 Hand Cart
Connection lost

Rejoining the realm…

Still unreachable

The connection could not be restored.

Session expired

The server has moved on; the page needs a fresh start.